Map: [ESL] Babylon

Players

Reynor

  • Race: Zerg Zerg
  • Spawn Location: 5:00

Lambo - Winner!

  • Race: Zerg Zerg
  • Spawn Location: 11:00

Event: ESL SC2 Masters 2023 Summer (Regionals)

VOD

Have the link to the VOD?

Description

Time

  • Played on: May 28, 2023, 6:52 a.m.
  • Length: 7:18

All games in this series

Show
View Real Time Build Order
Export as new Build Order

Reynor Zerg 

Build Orders: Hatch First 

Get SALT Encoding   

  12  0:00  Drone  
  13  0:08  Drone  
  13  0:13  Extractor  
  13  0:15  Drone  
  15  0:37  Hatchery  
  15  0:42  Extractor  
  13  0:43  Drone  
  13  0:48  Overlord  
  15  1:03  Spawning Pool  
  14  1:06  Drone  
  14  1:10  Drone  
  16  1:14  Drone  
  18  1:18  Drone  
  18  1:28  Extractor, Drone  
  18  1:39  Drone  
  19  1:49  Drone x2  
  19  1:50  Queen  
  19  1:52  Queen  
  25  2:00  Overlord  
  25  2:02  Drone  
  26  2:11  Drone x2  
  28  2:21  Drone  
  28  2:22  Drone  
  30  2:27  Queen  
  32  2:31  Overlord  
  32  2:33  Drone  
  33  2:43  Drone x2  
  35  2:49  Evolution Chamber, Lair  
  34  2:53  Drone  
  34  2:55  Drone  
  36  2:58  Drone  
  36  2:59  Drone x3  
  36  3:01  Drone  
  41  3:06  Drone  
  41  3:07  Overlord  
  41  3:10  Drone  
  43  3:17  Roach Warren  
  43  3:18  Drone  
  43  3:20  Drone  
  43  3:25  Extractor  
  43  3:26  Drone  
  44  3:27  Extractor, Zerg Missile Weapons Level 1  
  44  3:29  Drone  
  44  3:33  Drone x3  
  47  3:38  Extractor, Drone x2  
  48  3:41  Overlord  
  48  3:43  Drone  
  48  3:46  Drone  
  50  3:53  Drone  
  50  3:54  Drone  
  52  3:56  Glial Reconstitution  
  52  4:05  Roach x2  
  52  4:09  Hatchery  
  55  4:11  Overlord  
  55  4:21  Spire  
  55  4:23  Roach  
  56  4:26  Roach  
  56  4:28  Roach  
  62  4:31  Roach  
  62  4:32  Roach  
  62  4:38  Roach x2  
  68  4:39  Overlord  
  68  4:42  Overlord  
  68  4:55  Overlord  
  68  4:57  Drone x3  
  68  4:58  Drone x2  
  73  5:10  Overlord  
  73  5:20  Roach x3  
  79  5:23  Roach x3  
  79  5:24  Roach  
  79  5:27  Roach  
  89  5:35  Mutalisk x4  
  89  5:38  Overlord  
  89  5:39  Drone x4  
  101  5:43  Roach  
  103  5:50  Roach  
  103  5:53  Overlord  
  105  5:57  Roach, Spine Crawler  
  105  5:58  Roach  
  105  6:02  Overlord  
  105  6:03  Roach x2  
  112  6:04  Roach  
  112  6:06  Overlord  
  112  6:11  Overlord  
  114  6:12  Roach x2  
  114  6:13  Roach  
  120  6:22  Roach x3  
  126  6:28  Roach x2  
  126  6:31  Roach  
  126  6:32  Roach x3  
  118  6:34  Roach  
  118  6:36  Roach  
  110  6:40  Roach x2  
  110  6:41  Roach  
  110  6:44  Roach  
  110  6:46  Roach  
  102  6:48  Roach x2  
  102  6:53  Roach  
  87  6:56  Roach  
  87  6:59  Roach  
Show
View Real Time Build Order
Export as new Build Order

Lambo Zerg - Winner!

Build Orders: Hatch First 

Get SALT Encoding   

  12  0:00  Drone  
  13  0:13  Overlord  
  13  0:17  Drone  
  14  0:31  Drone x2  
  16  0:48  Hatchery  
  15  0:52  Drone  
  15  0:55  Drone  
  17  1:00  Drone  
  18  1:09  Extractor  
  17  1:13  Spawning Pool  
  17  1:17  Drone  
  17  1:20  Drone  
  18  1:28  Drone  
  19  1:39  Drone  
  20  1:53  Drone  
  21  2:01  Queen x2  
  23  2:02  Drone  
  23  2:03  Overlord  
  26  2:11  Drone  
  26  2:12  Drone  
  28  2:22  Drone x2  
  30  2:32  Drone  
  30  2:33  Drone  
  30  2:34  Hatchery  
  31  2:43  Drone  
  32  2:44  Lair  
  32  2:47  Overlord  
  32  2:53  Drone  
  32  2:55  Drone  
  34  3:02  Evolution Chamber  
  34  3:04  Drone  
  35  3:05  Drone  
  35  3:08  Drone x4  
  35  3:09  Drone  
  35  3:12  Drone  
  41  3:16  Drone  
  42  3:20  Roach Warren  
  42  3:25  Drone  
  42  3:27  Overlord  
  42  3:29  Zerg Missile Weapons Level 1  
  42  3:30  Extractor  
  42  3:32  Drone  
  42  3:37  Drone  
  42  3:39  Drone  
  44  3:43  Extractor  
  44  3:44  Queen  
  44  3:45  Drone x3  
  44  3:47  Drone  
  49  3:49  Drone  
  49  3:50  Drone  
  51  3:56  Drone  
  51  3:57  Drone x2  
  51  3:59  Glial Reconstitution  
  51  4:01  Overlord  
  54  4:09  Roach, Overlord  
  58  4:10  Roach  
  58  4:15  Overlord  
  58  4:18  Overlord  
  58  4:22  Extractor, Roach x2  
  58  4:23  Roach  
  63  4:29  Overlord  
  63  4:30  Drone  
  64  4:32  Drone x2  
  64  4:35  Roach x2  
  70  4:43  Roach x2  
  74  4:47  Drone x2  
  74  4:49  Roach x4  
  84  4:53  Roach  
  86  5:00  Overlord  
  86  5:01  Roach x3  
  86  5:05  Overlord, Overseer  
  92  5:10  Roach x2  
  96  5:17  Roach  
  96  5:18  Overlord  
  96  5:20  Overlord  
  98  5:21  Overlord  
  98  5:25  Overlord  
  98  5:26  Roach x2  
  102  5:30  Roach x2  
  102  5:33  Roach x2  
  102  5:35  Ravager x2  
  112  5:36  Overlord  
  112  5:39  Roach  
  112  5:41  Roach  
  116  5:45  Roach x2  
  120  5:51  Roach x3  
  120  5:54  Roach  
  120  5:55  Roach  
  120  5:57  Ravager  
  131  5:58  Roach x2  
  131  6:02  Roach  
  131  6:04  Roach  
  139  6:08  Roach x2  
  143  6:13  Roach x2  
  147  6:19  Overlord  
  147  6:23  Overlord  
  145  6:28  Roach x3  
  145  6:32  Roach x2  
  145  6:36  Roach  
  145  6:37  Roach x4  
  137  6:40  Roach x2  
  137  6:44  Roach  
  133  6:48  Roach x2  
  133  6:52  Roach x2  
Tags
 
Add a new tag
Caveats
  • Supply blocks, unpowered buildings, or Contaminate may cause inaccurate times.
  • Supply counts are checked every 10 seconds.